 Dungeon Crawl Stone Soup version 0.29.1-12-g30fa7ad0bf (webtiles) character file.

Game seed: 9331493892507803948

5 DildoBatman the Conjurer (level 1, 0/14 HPs)
             Began as a Formicid Conjurer on Dec 13, 2022.
             Slain by a hobgoblin (2 damage)
             ... on level 1 of the Dungeon.
             The game lasted 00:00:42 (247 turns).

DildoBatman the Conjurer (Formicid Conjurer)         Turns: 247, Time: 00:00:43

Health: 0/14       AC:  2    Str: 11    XL:     1   Next: 88%
Magic:  0/3        EV: 12    Int: 17    God:
Gold:   71         SH:  0    Dex: 12    Spells: 3/4 levels left

rFire   . . .      SeeInvis +   c - +0 club
rCold   . . .      Faith    .   (no shield)
rNeg    . . .      Spirit   .   a - +0 robe
rPois   .          Reflect  .   (helmet unavailable)
rElec   .          Harm     .   (no cloak)
rCorr   .          Rampage  .   (no gloves)
Will    .....                   (no boots)
Stlth   ++........              (no amulet)
HPRegen 0.04/turn               (no ring)
MPRegen 0.08/turn               (no ring)

@: no status effects
A: permanent stasis, dig shafts and tunnels, antennae 3, four strong arms
a: Dig, Shaft Self


You were on level 1 of the Dungeon.
You visited 1 branch of the dungeon, and saw 1 of its levels.

You collected 71 gold pieces.

Inventory:

Hand Weapons
 c - a +0 club (weapon)
Armour
 a - a +0 robe (worn)
Scrolls
 d - a scroll of butterflies {unknown}
Potions
 b - a potion of magic


   Skills:
 * Level 0.3 Fighting
 * Level 0.3 Armour
 * Level 1.9 Dodging
 - Level 2.4 Stealth
 * Level 2.3 Spellcasting
 * Level 3.6 Conjurations


You had 3 spell levels left.
You knew the following spells:

 Your Spells              Type           Power      Damage    Failure   Level
c - Magic Dart            Conj           56%        1d5       4%          1

Your spell library contained the following spells:

 Spells                   Type           Power      Damage    Failure   Level
 Searing Ray              Conj           28%        2d5       6%          2
 Dazzling Flash           Conj/Hex       16%        N/A       26%         3
 Fulminant Prism          Conj/Hex       4%         3d6       65%         4
 Iskenderun's Mystic Bla  Conj/Tloc      8%         2d4       65%         4


Dungeon Overview and Level Annotations

Branches:
Dungeon (1/15)

Altars:


Innate Abilities, Weirdness & Mutations

You cannot be hasted, slowed, berserked, paralysed or teleported.
You can dig through walls and to a lower floor.
You have a pair of large antennae on your head. (SInv)
Your four strong arms can wield two-handed weapons with a shield.


Message History

A bat comes into view.
There is an open door here.
The bat hits you but does no damage. The bat hits you but does no damage.
The bat hits you. The bat hits you. The bat misses you.
The bat closely misses you.
You hit the bat.
The bat is moderately wounded.
The bat hits you but does no damage. The bat hits you.
The bat barely misses you.
You closely miss the bat.
The bat is moderately wounded.
The bat closely misses you. The bat barely misses you.
You miss the bat.
The bat is moderately wounded.
The bat barely misses you. x2
The bat hits you.
You barely miss the bat. The bat closely misses you. x2
The bat barely misses you.
Casting: Magic Dart (safe; 4% risk of failure)
Confirm with . or Enter, or press ? or * to list all spells.
Aiming: Magic Dart (safe; 4% risk of failure)
Press: ? - help, Shift-Dir - straight line, f/p - hobgoblin
Aim: a hobgoblin (heavily wounded, 100% to hit)
The magic dart hits the bat.
You kill the bat!
Casting: Magic Dart (safe; 4% risk of failure)
Confirm with . or Enter, or press ? or * to list all spells.
Aiming: Magic Dart (safe; 4% risk of failure)
Press: ? - help, Shift-Dir - straight line, f/p - hobgoblin
Aim: a hobgoblin (heavily wounded, 100% to hit)
The magic dart hits the hobgoblin.
The hobgoblin is severely wounded.
The hobgoblin hits you.
You die...

#......# #......# #......#
########### #......#####
#.....[.... #......'...#
#.........# #......###.#
#.........# ##.......##†#
#.†.......#
#........##.#######.........#
#........##.@g....'.........#
#........##########..........
###........## #.#.......#
#............ #.#.......#
#..........#.. #.#.......#
#†....######## #.#.......#
#.....# #.#.......# #.....#
#.##......# #.....# #.
........


You could see a hobgoblin.

Vanquished Creatures
  A quokka (D:1)
  A ball python (D:1)
  2 bats (D:1)
  A kobold (D:1)
  2 rats (D:1)
7 creatures vanquished.

Notes
Turn   | Place    | Note
-------+----------+-------------------------------------------
     0 | D:1      | DildoBatman the Formicid Conjurer began the quest for the
                  | Orb.
     0 | D:1      | Reached XP level 1. HP: 13/13 MP: 3/3
   247 | D:1      | Slain by a hobgoblin

Illustrated notes

Levels and vault maps discovered:
D:1:      beargit_arrival_greenhouse, layout_basic, serial_aquarium,
          aquarium_bridge_island_small [aquarium_subvault_small_open,
          aquarium_subvault_bridge, aquarium_subvault_bridge,
          aquarium_subvault_window, aquarium_subvault_wall],
          aquarium_bridge_square [aquarium_subvault_wall,
          aquarium_subvault_wall, aquarium_subvault_wall,
          aquarium_subvault_bridge], aquarium_window_3, aquarium_window_corner,
          aquarium_window_fake, aquarium_view_2a, aquarium_view_2e

Action                   || total
-------------------------++-------
Melee: Club              ||     8
       Unarmed           ||     3
 Cast: Magic Dart        ||    15
Armor: Robe              ||     5
Dodge: Dodged            ||    18
